3L
RICHARDSON CITY THUNDERCATS @ PANAMA CITY PIRANHAS
09/03/2019
 
TOP OF THE 1ST
Richardson City Thundercats batting - Pitching for Panama City Piranhas : RHP Gunner Hardy
Pitching: RHP Gunner Hardy
Batting: RHB Charles Jordan 0-0: Ball
1-0: Ball
2-0: Reached on error, E6 (Groundball, 6M)
Batting: LHB Terrence Eler 0-0: Ball
1-0: Swinging Strike
1-1: Foul Ball, location: 2F
1-2: Ball
2-2: Foul Ball, location: 2F
2-2: Foul Ball, location: 2F
2-2: Ball
3-2: Foul Ball, location: 2F
3-2: Strikes out looking
Batting: RHB Joey Jones 0-0: Ball
1-0: Foul Ball, location: 2F
1-1: Foul Ball, location: 2F
1-2: Strikes out swinging
Batting: LHB Andrés Ibarra 0-0: Ball
1-0: Ball
2-0: Foul Ball, location: 2F
2-1: Called Strike
2-2: Ball
3-2: Foul Ball, location: 2F
3-2: Base on Balls
Charles Jordan to second
Batting: RHB Jorge Gómez 0-0: Called Strike
0-1: Ball
1-1: Ball
2-1: Fly out, F7 (Line Drive, 7M)
Top of the 1st over - 0 run(s), 0 hit(s), 1 error(s), 2 left on base; Richardson City 0 - Panama City 0
BOTTOM OF THE 1ST
Panama City Piranhas batting - Pitching for Richardson City Thundercats : RHP Cordell Wilson
Pitching: RHP Cordell Wilson
Batting: LHB Arturo Guzmán 0-0: Swinging Strike
0-1: Called Strike
0-2: Strikes out swinging
Batting: LHB Melvin Castro 0-0: Ball
1-0: Foul Ball, location: 2F
1-1: Ball
2-1: Ball
3-1: Called Strike
3-2: Strikes out swinging
Batting: SHB Marc Talamante 0-0: Ball
1-0: Ball
2-0: Called Strike
2-1: Ball
3-1: Ground out 6-3 (Groundball, 6M)
Bottom of the 1st over - 0 run(s), 0 hit(s), 0 error(s), 0 left on base; Richardson City 0 - Panama City 0
TOP OF THE 2ND
Richardson City Thundercats batting - Pitching for Panama City Piranhas : RHP Gunner Hardy
Batting: RHB Robert O'Connor 0-0: Ball
1-0: Fly out, F7 (Flyball, 78M)
Batting: RHB Jonathan Cook 0-0: Ball
1-0: Ball
2-0: Called Strike
2-1: Fly out, F6 (Popup, 6MS)
Batting: RHB Cordell Wilson 0-0: Ball
1-0: Foul Ball, location: 2F
1-1: Ball
2-1: Ball
3-1: Swinging Strike
3-2: Base on Balls
Batting: RHB Ray Porch 0-0: Fly out, F1 (Line Drive, 13)
Top of the 2nd over - 0 run(s), 0 hit(s), 0 error(s), 1 left on base; Richardson City 0 - Panama City 0
BOTTOM OF THE 2ND
Panama City Piranhas batting - Pitching for Richardson City Thundercats : RHP Cordell Wilson
Batting: RHB Jeff Bass 0-0: Ball
1-0: Foul Ball, location: 2F
1-1: Ball
2-1: Fly out, F3 (Popup, 3SF)
Batting: LHB Miguel Martínez 0-0: Called Strike
0-1: SINGLE (Groundball, 4MD)
Batting: SHB Theodore Buck 0-0: Ball
1-0: Foul Ball, location: 2F
1-1: Ball
2-1: Foul Ball, location: 2F
2-2: Ball
3-2: Ground out U3 (Groundball, 3S)
Miguel Martínez to second
Batting: RHB Hal Romaine 0-0: SINGLE (Groundball, 6M)
Miguel Martínez to third
Runner from 3rd tries for Home, SAFE, no throw or cutoff
Batting: RHB Joel Lee 0-0: Ball
1-0: Swinging Strike
1-1: Swinging Strike
1-2: Strikes out looking
Bottom of the 2nd over - 1 run(s), 2 hit(s), 0 error(s), 1 left on base; Richardson City 0 - Panama City 1
TOP OF THE 3RD
Richardson City Thundercats batting - Pitching for Panama City Piranhas : RHP Gunner Hardy
Batting: RHB Charles Jordan 0-0: Called Strike
0-1: Foul Ball, location: 2F
0-2: Ball
1-2: Fly out, F8 (Line Drive, 8RM)
Batting: LHB Terrence Eler 0-0: Swinging Strike
0-1: Ball
1-1: Swinging Strike
1-2: Ball
2-2: Strikes out swinging
Batting: RHB Joey Jones 0-0: Ball
1-0: Ball
2-0: Called Strike
2-1: Ground out 4-3 (Groundball, 4M)
Top of the 3rd over - 0 run(s), 0 hit(s), 0 error(s), 0 left on base; Richardson City 0 - Panama City 1
BOTTOM OF THE 3RD
Panama City Piranhas batting - Pitching for Richardson City Thundercats : RHP Cordell Wilson
Batting: RHB Gunner Hardy 0-0: Fly out, F7 (Line Drive, 7M)
Batting: LHB Arturo Guzmán 0-0: Ball
1-0: Called Strike
1-1: Foul Ball, location: 2F
1-2: Ball
2-2: SINGLE (Groundball, 34D)
Batting: LHB Melvin Castro 0-0: Ball
1-0: DOUBLE (Groundball, 3L)
Arturo Guzmán to third
Pinch Runner at 2nd Bellchyor Lebrim:
Batting: SHB Marc Talamante 0-0: Called Strike
0-1: Called Strike
0-2: Fly out, F8 (Line Drive, 8LD)
Runner from 3rd tags up, SCORES, no throw
Bellchyor Lebrim to third
Batting: RHB Jeff Bass 0-0: Ball
1-0: Fly out, F7 (Flyball, 78M)
Bottom of the 3rd over - 1 run(s), 2 hit(s), 0 error(s), 1 left on base; Richardson City 0 - Panama City 2
TOP OF THE 4TH
Richardson City Thundercats batting - Pitching for Panama City Piranhas : RHP Gunner Hardy
Now in RF: Bellchyor Lebrim
Batting: LHB Andrés Ibarra 0-0: Swinging Strike
0-1: Ball
1-1: DOUBLE (Line Drive, 78D)
Batting: RHB Jorge Gómez 0-0: Ball
1-0: Ball
2-0: Ground out 5-3 (Groundball, 5S)
Andrés Ibarra to third
Batting: RHB Robert O'Connor 0-0: Foul Ball, location: 2F
0-1: Ground out 6-3 (Groundball, 6)
Andrés Ibarra scores
Batting: RHB Jonathan Cook 0-0: Ball
1-0: Fly out, F9 (Flyball, 9S)
Top of the 4th over - 1 run(s), 1 hit(s), 0 error(s), 0 left on base; Richardson City 1 - Panama City 2
BOTTOM OF THE 4TH
Panama City Piranhas batting - Pitching for Richardson City Thundercats : RHP Cordell Wilson
Batting: LHB Miguel Martínez 0-0: Swinging Strike
0-1: Ball
1-1: Ball
2-1: Foul Ball, location: 2F
2-2: Fly out, F9 (Flyball, 9M)
Batting: SHB Theodore Buck 0-0: Ball
1-0: Ball
2-0: Ball
3-0: Called Strike
3-1: Foul Ball, location: 2F
3-2: Ground out 1-3 (Groundball, 13S)
Batting: RHB Hal Romaine 0-0: Called Strike
0-1: Called Strike
0-2: Ball
1-2: Strikes out swinging
Bottom of the 4th over - 0 run(s), 0 hit(s), 0 error(s), 0 left on base; Richardson City 1 - Panama City 2
TOP OF THE 5TH
Richardson City Thundercats batting - Pitching for Panama City Piranhas : RHP Gunner Hardy
Batting: RHB Cordell Wilson 0-0: Called Strike
0-1: Ball
1-1: Foul Ball, location: 2F
1-2: Ball
2-2: Ball
3-2: Foul Ball, location: 2F
3-2: Base on Balls
Batting: RHB Ray Porch 0-0: Grounds into double play, 4-6-3 (Groundball, 4)
Batting: RHB Charles Jordan 0-0: Ball
1-0: Ground out 5-3 (Groundball, 5)
Top of the 5th over - 0 run(s), 0 hit(s), 0 error(s), 0 left on base; Richardson City 1 - Panama City 2
BOTTOM OF THE 5TH
Panama City Piranhas batting - Pitching for Richardson City Thundercats : RHP Cordell Wilson
Batting: RHB Joel Lee 0-0: Foul Ball, location: 2F
0-1: Ball
1-1: Fly out, F9 (Flyball, 9D)
Batting: RHB Gunner Hardy 0-0: Ball
1-0: Called Strike
1-1: Ball
2-1: Called Strike
2-2: Ground out 4-3 (Groundball, 4M)
Batting: LHB Arturo Guzmán 0-0: Foul Ball, location: 2F
0-1: Foul Ball, location: 2F
0-2: Ball
1-2: Foul Ball, location: 2F
1-2: Fly out, F9 (Line Drive, 9S)
Bottom of the 5th over - 0 run(s), 0 hit(s), 0 error(s), 0 left on base; Richardson City 1 - Panama City 2
TOP OF THE 6TH
Richardson City Thundercats batting - Pitching for Panama City Piranhas : RHP Gunner Hardy
Batting: LHB Terrence Eler 0-0: Called Strike
0-1: Ball
1-1: Ball
2-1: Ball
3-1: Foul Ball, location: 2F
3-2: Foul Ball, location: 2F
3-2: Base on Balls
Batting: RHB Joey Jones 0-0: SINGLE (Line Drive, 56D)
Terrence Eler to second
Batting: LHB Andrés Ibarra 0-0: Called Strike
0-1: Ball
1-1: Swinging Strike
1-2: Fly out, F9 (Flyball, 9M)
Batting: RHB Jorge Gómez 0-0: Foul Ball, location: 2F
0-1: Called Strike
0-2: Fly out, F9 (Flyball, 89M)
Batting: RHB Robert O'Connor 0-0: Ball
1-0: Called Strike
1-1: Ball
2-1: Ball
3-1: Fly out, F8 (Flyball, 8LXD)
Top of the 6th over - 0 run(s), 1 hit(s), 0 error(s), 2 left on base; Richardson City 1 - Panama City 2
BOTTOM OF THE 6TH
Panama City Piranhas batting - Pitching for Richardson City Thundercats : RHP Cordell Wilson
Batting: LHB Bellchyor Lebrim 0-0: Foul Ball, location: 2F
0-1: Called Strike
0-2: DOUBLE (Line Drive, 5D)
Batting: SHB Marc Talamante 0-0: Ball
1-0: Called Strike
1-1: Ball
2-1: Swinging Strike
2-2: Ground out 1-3 (Groundball, 13S)
Bellchyor Lebrim to third
Batting: RHB Jeff Bass 0-0: DOUBLE (Popup, 9LM)
Bellchyor Lebrim scores
Batting: LHB Miguel Martínez 0-0: Swinging Strike
0-1: Ball
1-1: Ball
2-1: Swinging Strike
2-2: Ball
3-2: Base on Balls
Batting: SHB Theodore Buck 0-0: Ball
1-0: Ball
2-0: Ball
3-0: Called Strike
3-1: Foul Ball, location: 2F
3-2: Ground out 3-1 (Groundball, 34)
Jeff Bass to third
Miguel Martínez to second
Batting: RHB Hal Romaine 0-0: Ground out U3 (Groundball, 3L)
Bottom of the 6th over - 1 run(s), 2 hit(s), 0 error(s), 2 left on base; Richardson City 1 - Panama City 3
TOP OF THE 7TH
Richardson City Thundercats batting - Pitching for Panama City Piranhas : RHP Gunner Hardy
Batting: RHB Jonathan Cook 0-0: Called Strike
0-1: Ball
1-1: Ball
2-1: Ball
3-1: Called Strike
3-2: SINGLE (Line Drive, 34)
Batting: RHB Cordell Wilson 0-0: Sac Bunt - play at first, batter OUT! 1-4
Jonathan Cook to second
Batting: RHB Ray Porch 0-0: Swinging Strike
0-1: Called Strike
0-2: Ball
1-2: Ball
2-2: Foul Ball, location: 2F
2-2: Ball
3-2: Strikes out looking
Batting: RHB Charles Jordan 0-0: Ball
1-0: Ball
2-0: Ball
3-0: Base on Balls
Batting: LHB Terrence Eler 0-0: Ball
1-0: Ball
2-0: Ball
3-0: 3-RUN HOME RUN (Flyball, 9D), Distance : 390 ft
Batting: RHB Joey Jones 0-0: Ball
1-0: Ball
2-0: Called Strike
2-1: Called Strike
2-2: Fly out, F3 (Popup, 3S)
Top of the 7th over - 3 run(s), 2 hit(s), 0 error(s), 0 left on base; Richardson City 4 - Panama City 3
BOTTOM OF THE 7TH
Panama City Piranhas batting - Pitching for Richardson City Thundercats : RHP Cordell Wilson
Batting: RHB Joel Lee 0-0: Called Strike
0-1: Swinging Strike
0-2: Ball
1-2: Ball
2-2: Strikes out swinging
Pinch Hitting: LHB Francisco Sánchez 0-0: Called Strike
0-1: Ball
1-1: Called Strike
1-2: Ball
2-2: Ball
3-2: Base on Balls
Batting: LHB Arturo Guzmán 0-0: Ball
1-0: Called Strike
1-1: Fly out, F6 (Line Drive, 6D)
Pinch Hitting: RHB Pete Knight 0-0: Called Strike
0-1: Ball
1-1: Ball
2-1: Fly out, F8 (Flyball, 8RM)
Bottom of the 7th over - 0 run(s), 0 hit(s), 0 error(s), 1 left on base; Richardson City 4 - Panama City 3
TOP OF THE 8TH
Richardson City Thundercats batting - Pitching for Panama City Piranhas : RHP Gunner Hardy
Pitching: RHP Rubén Ramírez
Now in LF: Harvey Porter
Batting: LHB Andrés Ibarra 0-0: SINGLE (Groundball, 5D)
Batting: RHB Jorge Gómez 0-0: Ball
1-0: Ball
2-0: Ball
3-0: Base on Balls
Andrés Ibarra to second
Batting: RHB Robert O'Connor 0-0: Called Strike
0-1: Ball
1-1: Ball
2-1: SINGLE (Line Drive, 6M)
Andrés Ibarra to third
Jorge Gómez to second
Runner from 3rd tries for Home, throw and OUT!
Batting: RHB Jonathan Cook 0-0: Ball
1-0: Foul Ball, location: 2F
1-1: DOUBLE (Line Drive, 89XD)
Jorge Gómez scores
Robert O'Connor to third
Pinch Hitting: RHB Edmund Gallagher 0-0: Ball
1-0: Fly out, F9 (Flyball, 89M)
1-0: Lined into DP, 9-5 (Flyball, 89M)
Top of the 8th over - 1 run(s), 3 hit(s), 0 error(s), 1 left on base; Richardson City 5 - Panama City 3
BOTTOM OF THE 8TH
Panama City Piranhas batting - Pitching for Richardson City Thundercats : RHP Cordell Wilson
Pitching: LHP Marcelino Freschi
Now at 1B: Manuel Romo
Now at 3B: Fernando López
Batting: SHB Marc Talamante 0-0: Ball
1-0: Foul Ball, location: 2F
1-1: Ground out 6-3 (Groundball, 6)
Batting: RHB Jeff Bass 0-0: SINGLE (Line Drive, 9LS)
Batting: LHB Miguel Martínez 0-0: Fielders Choice at 2nd, 3-6 (Groundball, 34)
Pitching: RHP Stanley Neal
Batting: SHB Theodore Buck 0-0: Ball
1-0: Ball
2-0: Ball
3-0: Called Strike
3-1: Fly out, F6 (Popup, 5DF)
Bottom of the 8th over - 0 run(s), 1 hit(s), 0 error(s), 1 left on base; Richardson City 5 - Panama City 3
TOP OF THE 9TH
Richardson City Thundercats batting - Pitching for Panama City Piranhas : RHP Rubén Ramírez
Batting: RHB Ray Porch 0-0: Called Strike
0-1: Ball
1-1: Foul Ball, location: 2F
1-2: Foul Ball, location: 2F
1-2: Ball
2-2: Strikes out swinging
Batting: RHB Charles Jordan 0-0: Foul Ball, location: 2F
0-1: Ball
1-1: Ball
2-1: Ball
3-1: Swinging Strike
3-2: Base on Balls
Batting: LHB Terrence Eler 0-0: Ball
Charles Jordan is caught stealing 2nd base
1-0: Swinging Strike
1-1: Swinging Strike
1-2: Foul Ball, location: 2F
1-2: Ball
2-2: Strikes out swinging
Top of the 9th over - 0 run(s), 0 hit(s), 0 error(s), 0 left on base; Richardson City 5 - Panama City 3
BOTTOM OF THE 9TH
Panama City Piranhas batting - Pitching for Richardson City Thundercats : RHP Stanley Neal
Pitching: RHP Dave Reed
Batting: RHB Hal Romaine 0-0: Ball
1-0: Called Strike
1-1: Foul Ball, location: 2F
1-2: Ball
2-2: SINGLE (Line Drive, 89M)
Pinch Hitting: RHB William Hull 0-0: Ball
1-0: SINGLE (Groundball, 4MD)
Hal Romaine to second
Runner from 2nd tries for 3rd, SAFE, no throw or cutoff
Pinch Hitting: RHB Vern Ewing 0-0: Ball
1-0: Swinging Strike
1-1: Fly out, F8 (Flyball, 8RXD)
Runner from 3rd tags up, SCORES, no throw
Pitching: LHP Augusto Jaramillo
Batting: LHB Arturo Guzmán 0-0: Ball
1-0: Ball
2-0: Ball
3-0: Called Strike
3-1: Ground out U3 (Groundball, 3S)
William Hull to second
Batting: RHB Harvey Porter 0-0: Ball
1-0: Called Strike
1-1: Swinging Strike
1-2: Foul Ball, location: 2F
1-2: SINGLE (Line Drive, 5D)
William Hull to third
Runner from 3rd tries for Home, SAFE, no throw or cutoff
Batting: SHB Marc Talamante 0-0: Ball
Wild Pitch!
Harvey Porter to second
1-0: Foul Ball, location: 2F
1-1: Foul Ball, location: 2F
1-2: Foul Ball, location: 2F
1-2: Ground out 5-3 (Groundball, 6)
Bottom of the 9th over - 2 run(s), 3 hit(s), 0 error(s), 1 left on base; Richardson City 5 - Panama City 5
TOP OF THE 10TH
Richardson City Thundercats batting - Pitching for Panama City Piranhas : RHP Rubén Ramírez
Pitching: RHP Jessie Holley
Now at C: William Hull
Batting: RHB Joey Jones 0-0: Foul Ball, location: 2F
0-1: Foul Ball, location: 2F
0-2: Ball
1-2: Ball
2-2: Ball
3-2: Base on Balls
Batting: RHB Manuel Romo 0-0: Swinging Strike
0-1: 2-RUN HOME RUN (Flyball, 78XD), Distance : 403 ft
Pitching: RHP Juan Pérez
Batting: RHB Fernando López 0-0: Ball
1-0: Foul Ball, location: 2F
1-1: Foul Ball, location: 2F
1-2: SINGLE (Groundball, 56D)
Batting: RHB Robert O'Connor 0-0: Called Strike
0-1: Ball
1-1: Ball
2-1: Called Strike
2-2: Grounds into double play, 6-4-3 (Groundball, 6)
Batting: RHB Jonathan Cook 0-0: Ball
1-0: Ball
2-0: Foul Ball, location: 2F
2-1: Swinging Strike
2-2: Fly out, F9 (Flyball, 89M)
Top of the 10th over - 2 run(s), 2 hit(s), 0 error(s), 0 left on base; Richardson City 7 - Panama City 5
BOTTOM OF THE 10TH
Panama City Piranhas batting - Pitching for Richardson City Thundercats : LHP Augusto Jaramillo
Batting: RHB Jeff Bass 0-0: Swinging Strike
0-1: Foul Ball, location: 2F
0-2: Ball
1-2: Ground out 6-3 (Groundball, 6)
Batting: LHB Miguel Martínez 0-0: Ball
1-0: Ball
2-0: Ground out 4-3 (Groundball, 4M)
Batting: SHB Theodore Buck 0-0: Ball
1-0: Called Strike
1-1: Ground out 6-3 (Groundball, 6M)
Bottom of the 10th over - 0 run(s), 0 hit(s), 0 error(s), 0 left on base; Richardson City 7 - Panama City 5
This league is powered by Out of the Park Baseball, the baseball management simulation game for PC, Mac and Linux
Saturday, July 25th, 2015 - OOTP Baseball 15.6 Build 34